 Dungeon Crawl Stone Soup version 0.18.1-48-g4cf74bf (webtiles) character file.

268 LAMBDA471 the Ducker (level 6, -12/48 HPs)
             Began as a Human Berserker on July 23, 2016.
             Was a Believer of Trog.
             Mangled by Crazy Yiuf
             ... wielding a +4 quarterstaff of chaos
              (13 damage)
             ... on level 2 of the Dungeon.
             The game lasted 00:21:20 (2405 turns).

LAMBDA471 the Ducker (Human Berserker)              Turns: 2405, Time: 00:21:21

Health: -12/48     AC:  2    Str: 20    XL:     6   Next: 46%
Magic:  6/6        EV: 13    Int: 12    God:    Trog [**....]
Gold:   107        SH:  0    Dex: 12    Spells: 0 memorised, 5 levels left

rFire  . . .     SeeInvis .     a - +0 falchion
rCold  . . .     Gourm    .     b - +0 animal skin
rNeg   . . .     Faith    .     (no shield)
rPois  .         Spirit   .     (no helmet)
rElec  .         Dismiss  .     (no cloak)
rCorr  .         Reflect  .     (no gloves)
SustAt .         Harm     .     (no boots)
MR     .....                    (no amulet)
Stlth  +.........               (no ring)
                                (no ring)

@: brilliant, drained, not resistant to hostile enchantments, very unstealthy
A: no striking features
a: Berserk, Trog's Hand, Burn Spellbooks, Renounce Religion


You were on level 2 of the Dungeon.
You worshipped Trog.
Trog was pleased with you.
You were not hungry.

You visited 1 branch of the dungeon, and saw 2 of its levels.

You collected 107 gold pieces.

Inventory:

Hand Weapons
 a - a +0 falchion (weapon)
 d - a +0 club
 e - a +0 club
 g - a +0 dagger
 i - a +0 club
 j - a +1 dagger of venom
 m - a +0 club
 n - a +0 club
 q - a +0 dagger
 t - a +0 whip
 v - a +0 mace
 x - a +0 dagger
 A - a +0 scythe
 E - a +0 mace
Missiles
 k - 92 stones (quivered)
 o - 6 tomahawks
Armour
 b - a +0 animal skin (worn)
 h - a +0 shield
 l - a +0 ring mail
 p - a +0 ring mail
 s - a +0 leather armour
 u - a +0 robe
 w - a +0 ring mail
 B - a +0 robe
 F - a +0 robe
Jewellery
 r - an uncursed ring of sustain attributes {unknown}
 y - a cursed -4 ring of evasion {unknown}
Scrolls
 f - 3 scrolls of identify {unknown}
 D - a scroll of immolation {unknown}
Potions
 z - a potion of cure mutation {unknown}
 C - a potion of brilliance
 G - a potion of ambrosia {unknown}
 H - a potion of lignification
Comestibles
 c - 3 bread rations


   Skills:
 + Level 4.2(3.8) Fighting
 + Level 0.4(2.2) Short Blades
 + Level 4.1(3.8) Long Blades
 + Level 2.2(1.9) Armour
 + Level 4.3(3.9) Dodging
 + Level 1.2(0.9) Stealth


You had 5 spell levels left.
You didn't know any spells.

Dungeon Overview and Level Annotations

Branches:
Dungeon (2/15)

Altars:

Annotations:
D:2 Crazy Yiuf


Message History

You hit Crazy Yiuf.
Crazy Yiuf is heavily wounded.
Crazy Yiuf misses you.
You closely miss Crazy Yiuf.
Crazy Yiuf is heavily wounded.
Crazy Yiuf hits you with a quarterstaff of chaos!
Crazy Yiuf burns you.
You barely miss Crazy Yiuf.
Crazy Yiuf is heavily wounded.
Crazy Yiuf closely misses you.
You closely miss Crazy Yiuf.
Crazy Yiuf is heavily wounded.
Crazy Yiuf hits you with a quarterstaff of chaos!
* * * LOW HITPOINT WARNING * * *
You feel drained.
* * * LOW HITPOINT WARNING * * *
It was a potion of brilliance.
You feel clever all of a sudden.
Crazy Yiuf hits you with a quarterstaff of chaos!
You die...

#.###.# #.#
#.#.........
###.# #
#.####...........
....###.#
#...#####.####...
.>......# #####
#.####...
......###
#........ #####.#
♣♣♣♣♣##.####..# #
.# ###
♣♣♣.♣......# #..#
# .#
#...#♣..♣.......#
#..# # #
#...g@♣♣♣♣......#
#..# # #...#♣♣
♣♣....## #..# #
### ♣♣#### #... #
##.# # #.# #
##### #.. # #.#.#
### # #.#.# #
#.#.#


You could see Crazy Yiuf.

Vanquished Creatures
  Sigmund (D:2)
  Ijyb (D:2)
  3 adders (D:2)
  A worm (D:2)
  A dart slug (D:1)
  2 giant geckos
  A ball python (D:1)
  4 giant cockroaches
  8 goblins
  7 hobgoblins
  2 kobolds
  A quokka (D:2)
  2 bats (D:1)
  4 rats
38 creatures vanquished.

Notes
Turn   | Place    | Note
--------------------------------------------------------------
     0 | D:1      | LAMBDA471 the Human Berserker began the quest for the Orb.
     0 | D:1      | Reached XP level 1. HP: 18/18 MP: 1/1
   162 | D:1      | Reached XP level 2. HP: 18/24 MP: 2/2
   817 | D:1      | Reached XP level 3. HP: 26/29 MP: 3/3
  1740 | D:2      | Noticed Sigmund
  1760 | D:2      | Noticed Ijyb
  1761 | D:2      | Killed Sigmund
  1761 | D:2      | Reached skill level 1 in Stealth
  1761 | D:2      | Reached XP level 4. HP: 9/37 MP: 4/4
  1761 | D:2      | Reached XP level 5. HP: 10/42 MP: 5/5
  1761 | D:2      | Reached XP level 6. HP: 12/48 MP: 6/6
  1765 | D:2      | Reached ** piety under Trog
  1787 | D:2      | Killed Ijyb
  2394 | D:2      | Noticed Crazy Yiuf
  2404 | D:2      | HP: 1/48 [Crazy Yiuf/quarterstaff of chaos (5)]
  2405 | D:2      | Mangled by Crazy Yiuf

Skill      XL: |  1  2  3  4  5  6 |
---------------+-------------------+-----
Fighting       | 4 |  4.2
Dodging        | 4 |  4.3
Stealth        | 1 |  1.2
Long Blades    | 4 |  4.1
Short Blades   | |  0.4
Armour         | |  2.2

Action                   |  1- 3 |  4- 6 || total
-------------------------+-------+-------++-------
Melee: Falchion          |    54 |    57 ||   111
       Dagger            |    57 |       ||    57
  Use: Potion            |     1 |     1 ||     2
  Eat: Bread ration      |     1 |       ||     1
       Royal jelly       |       |     1 ||     1
Armor: Animal skin       |    25 |     3 ||    28
       Skin              |     2 |    27 ||    29
Dodge: Dodged            |    65 |    24 ||    89
